 Dungeon Crawl Stone Soup version 0.30-a0-694-g3340775977 (webtiles) character file.

Game seed: 14411347674555625421

22 Alitron123 the Vexing (level 2, -2/16 HPs)
             Began as a Deep Elf Hexslinger on Jan 20, 2023.
             Succumbed to Robin's poison
             ... on level 2 of the Dungeon.
             The game lasted 00:04:23 (856 turns).

Alitron123 the Vexing (Deep Elf Hexslinger)          Turns: 856, Time: 00:04:24

Health: -2/16      AC:  2    Str:  7    XL:     2   Next: 68%
Magic:  6/6        EV: 12    Int: 17    God:
Gold:   71         SH:  5    Dex: 15    Spells: 3/4 levels left

rFire   . . .      SeeInvis .    a - +1 sling
rCold   . . .      Faith    .    j - +2 buckler
rNeg    . . .      Spirit   .    c - +0 robe
rPois   .          Reflect  .    (no helmet)
rElec   .          Harm     .    (no cloak)
rCorr   .          Rampage  .    (no gloves)
Will    .....                    (no boots)
Stlth   +                        (no amulet)
HPRegen 0.22/turn                (no ring)
MPRegen 0.10/turn                (no ring)

@: lethally poisoned (-2 -> -18)
A: no striking features
a: no special abilities


You were on level 2 of the Dungeon.
You visited 1 branch of the dungeon, and saw 2 of its levels.

You collected 71 gold pieces.

Inventory:

Hand Weapons
 a - a +1 sling (weapon)
Armour
 c - a +0 robe (worn)
 j - a +2 buckler (worn)
Scrolls
 b - a scroll of poison
 e - a scroll of amnesia {unknown}
 f - a scroll of fear {unknown}
 g - a scroll of brand weapon {unknown}
Potions
 d - 2 potions of haste {unknown}
 i - a potion of heal wounds {unknown}


   Skills:
 + Level 0.9 Fighting
 + Level 3.2 Ranged Weapons
 + Level 2.6 Dodging
 + Level 1.9 Spellcasting
 + Level 4.7 Hexes


You had 3 spell levels left.
You knew the following spells:

 Your Spells              Type           Power      Damage    Failure   Level
a - Slow                  Hex            68%        N/A       3%          1

Your spell library contained the following spells:

 Spells                   Type           Power      Damage    Failure   Level
 Inner Flame              Hex/Fire       9%         N/A       30%         3
 Portal Projectile        Hex/Tloc       18%        N/A       30%         3
 Cause Fear               Hex            8%         N/A       36%         4


Dungeon Overview and Level Annotations

Branches:
Dungeon (2/15)

Altars:

Shops:
D:2 (=

Annotations:
D:2 Robin


Message History

The goblin is heavily wounded.
The goblin barely misses you. The goblin hits you with a +0 dagger.
You shoot a sling bullet.
The sling bullet completely misses the goblin.
The goblin barely misses you. The goblin hits you with a +0 club.
You shoot a sling bullet. The sling bullet hits the goblin.
You kill the goblin!
Robin completely misses you. You block the goblin's attack.
The goblin misses you.
You shoot a sling bullet.
The sling bullet closely misses the goblin.
The sling bullet hits the goblin.
You kill the goblin!
You block the goblin's attack.
You shoot a sling bullet.
The sling bullet barely misses the goblin.
The sling bullet hits the hobgoblin.
The hobgoblin is severely wounded.
The goblin barely misses you.
Robin roars a battlecry!
The hobgoblin goes into a battle-frenzy!
You shoot a sling bullet. The sling bullet hits the goblin!
You kill the goblin!
Robin barely misses you.
Your life force feels restored.
You shoot a sling bullet. The sling bullet hits the hobgoblin.
You kill the hobgoblin!
Robin hits you from afar with a +0 spear of venom.
* * * LOW HITPOINT WARNING * * *
You are lethally poisoned!
The goblin hits you with a +0 club.
* * * LOW HITPOINT WARNING * * *
You are too injured to fight recklessly!
You are too injured to fight recklessly!
Fire: a) +1 sling
Press: ? - help, Shift-Dir - straight line, f - Robin
Aim: Robin, wielding a +0 spear of venom, wearing a +0 animal skin and wearing a +0 helmet (65% to hit)
You shoot a sling bullet. The sling bullet hits Robin.
Robin is lightly wounded.
You die...

#.##..........
######<##.#####.##.#
..........# ...#.#
..........# # .#.#
..........#.##....
............#... #+#
.........####☼###≈°#
.........'.☼.°.#○°○###
.........#.°..gg@)∩○.+
##########○##.####g≈°#
#.##.# °## #.##.# †☼
#.##.. .. #.#### .#
..# # .## .


You could see Robin and 2 goblins.

Vanquished Creatures
  A ball python (D:1)
  2 bats (D:1)
  7 goblins (D:2)
  2 hobgoblins (D:2)
  2 kobolds (D:1)
  A frilled lizard (D:1)
  3 rats (D:1)
18 creatures vanquished.

Notes
Turn   | Place    | Note
-------+----------+-------------------------------------------
     0 | D:1      | Alitron123 the Deep Elf Hexslinger began the quest for the
                  | Orb.
     0 | D:1      | Reached XP level 1. HP: 11/11 MP: 5/5
   507 | D:1      | Reached XP level 2. HP: 16/16 MP: 6/6
   789 | D:2      | Found Wuam's Antique Weapon Shoppe.
   824 | D:2      | Found Peoh's Jewellery Boutique.
   826 | D:2      | Noticed Robin
   856 | D:2      | Succumbed to Robin's poison

Illustrated notes

Levels and vault maps discovered:
D:1:      onia_arrival_mini_maze_b, layout_loops_ring, supply_closet_lemuel,
          minmay_misc_feat_x, minmay_misc_feat_iff, minmay_hedge_maze
D:2:      layout_basic, serial_shops, shop_statue, nicolae_shop_hallway_stairs,
          nicolae_shop_hallway_plus, shop, nicolae_nh_oracle_at_delphi,
          uniq_natasha, uniq_robin

Skill      XL: |  1 |
---------------+----+-----
Ranged Weapons | 3 |  3.2
Fighting       | |  0.9
Dodging        | |  2.6
Spellcasting   | |  1.9
Hexes          | |  4.7

Action                   || total
-------------------------++-------
 Fire: Sling             ||    52
 Cast: Slow              ||     3
  Use: Potion            ||     2
       Scroll            ||     1
Armor: Robe              ||     3
Dodge: Dodged            ||    30
Block: Buckler           ||     7

Table legend: (Time is in decaauts)
 A = Elapsed time spent in this place.
 B = Non-inter-level travel time spent in this place.
 C = Inter-level travel time spent in this place.
 D = Time resting spent in this place.
 E = Time spent auto-exploring this place.
 F = Levels seen in this place.
 G = Mean time per level.
                   A        B        C        D        E       F      G
               +--------+--------+--------+--------+--------+-----+--------+
         Total |    869 |    846 |     23 |      0 |    710 |   2 |  434.5 |
       Dungeon |    869 |    846 |     23 |      0 |    710 |   2 |  434.5 |
               +--------+--------+--------+--------+--------+-----+--------+

Top non-repeatable levels by time:
     D:1: 795 daAuts
     D:2: 74 daAuts
